 Dungeon Sprint DCSS version 0.30-a0-459-g9104f0fc43 (webtiles) character file.

Game seed: 16165331319001416774

2 BigDaddyOpFi the Trooper (level 1, -3/20 HPs)
             Began as a Hill Orc Fighter on Dec 15, 2022.
             Was an Initiate of Fedhas.
             Slain by a river rat (7 damage)
             ... in the Dungeon (Sprint VII: "The Pits").
             The game lasted 00:00:20 (66 turns).

BigDaddyOpFi the Trooper (Hill Orc Fighter)           Turns: 66, Time: 00:00:20

Health: -3/20      AC:  6    Str: 18    XL:     1   Next: 30%
Magic:  1/1        EV:  9    Int:  8    God:    Fedhas [......]
Gold:   0          SH:  4    Dex: 10    Spells: 0/0 levels left

rFire   . . .      SeeInvis .    a - +0 war axe
rCold   . . .      Faith    .    c - +0 buckler
rNeg    . . .      Spirit   .    b - +0 scale mail
rPois   .          Reflect  .    (no helmet)
rElec   .          Harm     .    (no cloak)
rCorr   .          Rampage  .    (no gloves)
Will    .....      NoTele   +    (no boots)
Stlth   ..........               (no amulet)
HPRegen 0.23/turn                (no ring)
MPRegen 0.07/turn                (no ring)

@: no status effects
A: no striking features
a: Renounce Religion


You were in the Dungeon.
You worshipped Fedhas.
Fedhas was noncommittal.
You visited 1 branch

Inventory:

Hand Weapons
 a - a +0 war axe (weapon)
Armour
 b - a +0 scale mail (worn)
 c - a +0 buckler (worn)
Scrolls
 j - a scroll of blinking
Potions
 d - a potion of might
 e - a potion of curing
 g - a potion of haste
 h - 4 potions of magic
 i - 3 potions of berserk rage
 k - 2 potions of invisibility


   Skills:
 + Level 3.9 Fighting
 + Level 3.0 Axes
 + Level 3.5 Armour
 + Level 3.5 Shields
 * Level 1.1 Invocations


You couldn't memorise any spells.
You didn't know any spells.
Your spell library was empty.

Dungeon Overview and Level Annotations

Branches:
Dungeon (1/1)

Altars:
Ashenzari
Cheibriados
Dithmenos
Elyvilon
Fedhas
Gozag
Hepliaklqana
Kikubaaqudgha
Makhleb
Nemelex Xobeh
Okawaru
Qazlal
Ru
Sif Muna
Trog
Uskayaw
Vehumet
Wu Jian
Xom
Yredelemnul
Zin
The Shining One
Beogh
Jiyva
Lugonu


Message History

You closely miss the river rat.
The river rat is heavily wounded.
The river rat bites you.
* * * LOW HITPOINT WARNING * * *
You closely miss the river rat.
The river rat is heavily wounded.
The river rat closely misses you. The river rat bites you.
* * * LOW HITPOINT WARNING * * *
You feel much better. The river rat closely misses you.
You closely miss the river rat.
The river rat is heavily wounded.
The river rat closely misses you.
You hit the river rat but do no damage.
The river rat is heavily wounded.
The river rat bites you but does no damage.
The river rat bites you.
You hit the river rat.
The river rat is heavily wounded.
The river rat bites you.
You hit the river rat but do no damage.
The river rat is heavily wounded.
The river rat barely misses you.
You closely miss the river rat.
The river rat is heavily wounded.
The river rat bites you.
The river rat bites you but does no damage.
You barely miss the river rat.
The river rat is heavily wounded.
You block the river rat's attack.
You hit the river rat.
The river rat is almost dead.
The river rat bites you!
* * * LOW HITPOINT WARNING * * *
The river rat twitches its whiskers.
You block the river rat's attack.
You completely miss the river rat.
The river rat is almost dead.
The river rat bites you!
You die...
Fedhas appreciates your contribution to the ecosystem.

############
#_________.#
#_________.#
#_______...###########++
##########'##...........
#.?(.')))'.##......#..#
##########.##..........
#......@....'...........
#+#####r#####......#..#.
... #........... #...#
####'#####+ #####
#.......# #.......#
#.......# #...<...#
#.......#


You could see a river rat.

Vanquished Creatures
  A kobold (D)
  A frilled lizard (D)
2 creatures vanquished.

Notes
Turn   | Place    | Note
-------+----------+-------------------------------------------
     0 | D        | BigDaddyOpFi the Hill Orc Fighter began the quest for the
                  | Orb.
     0 | D        | Reached XP level 1. HP: 19/19 MP: 1/1
    29 | D        | Found a glowing golden altar of the Shining One.
    29 | D        | Found a glowing silver altar of Zin.
    29 | D        | Found a basalt altar of Yredelemnul.
    29 | D        | Found a shimmering altar of Xom.
    29 | D        | Found an ornate altar of the Wu Jian Council.
    29 | D        | Found a bloodstained altar of Trog.
    29 | D        | Found a shimmering blue altar of Sif Muna.
    29 | D        | Found a sacrificial altar of Ru.
    29 | D        | Found a stormy altar of Qazlal.
    29 | D        | Found an iron altar of Okawaru.
    29 | D        | Found a sparkling altar of Nemelex Xobeh.
    29 | D        | Found a burning altar of Makhleb.
    29 | D        | Found a viscous altar of Jiyva.
    29 | D        | Found a hazy altar of Hepliaklqana.
    29 | D        | Found an opulent altar of Gozag.
    29 | D        | Found a blossoming altar of Fedhas.
    29 | D        | Found a white marble altar of Elyvilon.
    29 | D        | Found a shadowy altar of Dithmenos.
    29 | D        | Found a snail-covered altar of Cheibriados.
    30 | D        | Found a radiant altar of Vehumet.
    30 | D        | Found a corrupted altar of Lugonu.
    30 | D        | Found a roughly hewn altar of Beogh.
    31 | D        | Found a hide-covered altar of Uskayaw.
    31 | D        | Found an ancient bone altar of Kikubaaqudgha.
    31 | D        | Found a broken altar of Ashenzari.
    34 | D        | Became a worshipper of Fedhas Madash
    54 | D        | Reached skill level 1 in Invocations
    57 | D        | HP: 1/20 [river rat (1)]
    66 | D        | Slain by a river rat

Illustrated notes

Levels and vault maps discovered:
D:        pitsprint [storerooms_1, entrance_room_1, metal_vault_5, armoury_1,
          mini_pit_1, grid_room_1, main_hall_1, silver_pit, the_coven_1,
          the_vestibule_1, steel_vault_4, golden_pit, hallway_of_sentries,
          crystal_vault_1, iron_vault_4, final_vault]

Skill      XL: |  1 |
---------------+----+-----
Axes           | 3 |  3.0
Invocations    | 1 |  1.1
Fighting       | |  3.9
Armour         | |  3.5
Shields        | |  3.5

Action                   || total
-------------------------++-------
Melee: War axe           ||    21
  Use: Potion            ||     1
Armor: Scale mail        ||     6
Dodge: Dodged            ||     8
Block: Buckler           ||     3

Table legend: (Time is in decaauts)
 A = Elapsed time spent in this place.
 B = Non-inter-level travel time spent in this place.
 C = Inter-level travel time spent in this place.
 D = Time resting spent in this place.
 E = Time spent auto-exploring this place.
 F = Levels seen in this place.
 G = Mean time per level.
                   A        B        C        D        E       F      G
               +--------+--------+--------+--------+--------+-----+--------+
         Total |     74 |     74 |      0 |      0 |      0 |   1 |   74.0 |
       Dungeon |     74 |     74 |      0 |      0 |      0 |   1 |   74.0 |
               +--------+--------+--------+--------+--------+-----+--------+

Top non-repeatable levels by time:
       D: 74 daAuts
